 Dungeon Crawl Stone Soup version 0.32-a0-779-g362cfcae2a (webtiles) character file.

Game seed: 7373163915099876063

543 cforsyth the Firebug (level 7, -11/60 HPs)
             Began as a Mountain Dwarf Cinder Acolyte on Mar 19, 2024.
             Was a High Priest of Ignis.
             Mangled by an ogre
             ... wielding a +0 giant club
              (22 damage)
             ... on level 4 of the Dungeon.
             The game lasted 00:04:33 (3965 turns).

cforsyth the Firebug (MDCA)                         Turns: 3965, Time: 00:04:33

Health: -11/60     AC: 10    Str: 19    XL:     7   Next: 6%
Magic:  2/11       EV:  6    Int: 14    God:    Ignis [*****.]
Gold:   211        SH:  0    Dex:  5    Spells: 9/11 levels left

rFire   + . .        a - -1 hand axe (flame)
rCold   . . .        (no shield)
rNeg    . . .        l - +0 chain mail
rPois   .            (no helmet)
rElec   .            (no cloak)
rCorr   .            (no gloves)
SInv    .            g - +0 pair of boots
Will    .....        (no amulet) Stlth
                     (no ring)
HPRegen 0.30/turn    (no ring)
MPRegen 0.12/turn

%: no passive effects
@: very slightly contaminated
A: runic magic, artefact enchanting
a: Renounce Religion, Fiery Armour, Foxfire Swarm, Rising Flame


You were on level 4 of the Dungeon.
You worshipped Ignis.
Ignis was extremely pleased with you.
You visited 1 branch of the dungeon, and saw 4 of its levels.

You collected 211 gold pieces.


Innate Abilities, Weirdness & Mutations

Your spellcasting is much less encumbered by armour.
You can use scrolls of enchantment on lesser artefacts.


   Skills:
 + Level 4.9 Fighting
 + Level 5.3 Axes
 + Level 3.3 Armour
 + Level 2.8 Spellcasting
 + Level 5.4 Fire Magic


You had 9 spell levels left.
You knew the following spells:

 Your Spells              Type           Power      Damage    Failure   Level
X - Scorch                Fire           34%        2d6       6%          2

Your spell library contained the following spells:

 Spells                   Type           Power      Damage    Failure   Level
 Kiss of Death            Conj/Necr      4%         2d5       36%         1
 Blink                    Tloc           2%         N/A       50%         2
 Lesser Beckoning         Tloc           2%         N/A       50%         2
 Momentum Strike          Conj/Tloc      2%         3d8       50%         2
 Confusing Touch          Hex            1%         N/A       73%         3
 Dispel Undead            Necr           1%         3d6       98%         4

Inventory:

Hand Weapons
 a - a -1 hand axe of flaming (weapon)
Armour
 b - a +0 robe
 g - a +0 pair of boots (worn)
 l - a +0 chain mail (worn)
Magical Staves
 o - a staff of death {!a}
Scrolls
 d - a scroll of fog {unknown}
 f - a scroll of teleportation {unknown}
 j - a scroll of fear {unknown}
 k - a scroll of enchant weapon {unknown}
 n - a scroll of amnesia {unknown}
 p - a scroll of enchant armour {unknown}
 s - a scroll of immolation {unknown}
Potions
 c - 2 potions of curing {@q1}
 e - 2 potions of enlightenment {unknown}
 h - a potion of invisibility {unknown}
 i - a potion of resistance {unknown}
 m - 3 potions of lignification {unknown}
 q - a potion of magic {unknown}
 r - 2 potions of attraction {unknown}

Dungeon Overview and Level Annotations

Branches:
Dungeon (4/15)
 Temple: D:4-7

Altars:
Kikubaaqudgha

Shops:
D:4 *

Annotations:
D:2 1 runed translucent door, Crazy Yiuf

#.#............#
#.#............# ▒+▒
▒#..÷..)........# ▒#.#
▒▒..#............#
#>.##▒▒▒▒▒...###.##########
...........#.# #.#
..##.....#######.#
####........####.####### #
#..O...⚑.#Z##@....... #
#........####O#.§...≈ #
#.....#######.#...... #
#..........##.# ..∩.. #
#...#####..##.# ..... #
#..... ##.. ...# #......
#.. .... #....≈.ß #.#
#....≈...


You could see an ogre (combustible).


Message History

The ogre is moderately wounded.
The ogre's fire resistance burns away.
The ogre hits you with a +0 giant club.
Flames lash the ogre.
The ogre is burned terribly!
The ogre is heavily wounded.
The ogre hits you with a +0 giant club!!
You miscast Scorch.
Nothing appears to happen.
Flames lash the ogre.
The ogre is burned terribly!
The ogre is severely wounded.
The ogre hits you with a +0 giant club!!
* * * LOW HITPOINT WARNING * * *
You are too injured to fight recklessly!
Casting: Scorch (safe; 6% risk of failure)
Confirm with . or Enter, or press ? or * to list all spells.
You don't have enough magic to cast this spell.
Unknown command.
Unknown command.
You hit the ogre. You burn the ogre.
The ogre is almost dead.
The ogre barely misses you.
Unknown command.
Unknown command.
You barely miss the ogre.
The ogre is almost dead.
Unknown command.
Unknown command.
You barely miss the ogre.
The ogre is almost dead.
The ogre hits you with a +0 giant club!!
You die...
Ignis goes out, and joins you in death.

Skill      XL: |  1  2  3  4  5  6 |
---------------+-------------------+-----
Armour         | 1 2 3 |  3.3
Fire Magic     | 4 5 |  5.4
Axes           | 4 5 |  5.3
Fighting       | 4 |  4.9
Spellcasting   | 2 |  2.8

Action                     |  1- 3 |  4- 6 |  7- 9 || total
---------------------------+-------+-------+-------++-------
  Melee: Hand axe          |    69 |    38 |     3 ||   110
   Cast: Scorch            |    12 |    57 |     9 ||    78
    Use: Potion            |     1 |       |       ||     1
 Armour: Robe              |    54 |    19 |       ||    73
         Chain mail        |       |    59 |     8 ||    67
  Dodge: Dodged            |    50 |    27 |     3 ||    80

Levels and vault maps discovered:
D:1:      nzn_arrival_water_spiral, layout_loops_ring
D:2:      layout_loops_ring, uniq_crazy_yiuf_cottage
D:3:      layout_basic, uniq_sigmund
D:4:      minmay_octagon_keep, layout_basic, mainiacjoe_overflow_catwalk,
          tgw_kikubaaqudgha, minmay_misc_feat_cross, nicolae_elemental_shop,
          kennysheep_diamond, kennysheep_decorative_pillar

Notes
Turn   | Place    | Note
-------+----------+-------------------------------------------
     0 | D:1      | cforsyth the Mountain Dwarf Cinder Acolyte began the quest
                  | for the Orb.
     0 | D:1      | Reached XP level 1. HP: 19/19 MP: 2/2
   160 | D:1      | Reached XP level 2. HP: 18/26 MP: 3/3
   636 | D:1      | Reached skill level 1 in Armour
   754 | D:1      | Learned a level 2 spell: Scorch
   858 | D:2      | Found a runed translucent door.
   859 | D:2      | Noticed Crazy Yiuf
  1000 | D:2      | Reached skill level 4 in Fire Magic
  1000 | D:2      | Reached XP level 3. HP: 23/31 MP: 1/5
  1096 | D:2      | Reached skill level 4 in Axes
  1349 | D:2      | Noticed a scorpion
  1375 | D:2      | HP: 3/33 [poisoned by a scorpion]
  1377 | D:2      | Killed a scorpion
  1378 | D:2      | Reached XP level 4. HP: 9/40 MP: 1/6
  2132 | D:3      | Noticed a phantom
  2134 | D:3      | Reached skill level 4 in Fighting
  2146 | D:3      | Killed a phantom
  2147 | D:3      | Reached skill level 2 in Armour
  2147 | D:3      | Reached skill level 2 in Spellcasting
  2147 | D:3      | Reached XP level 5. HP: 36/46 MP: 1/8
  2509 | D:3      | Noticed Sigmund
  2661 | D:4      | Killed Sigmund
  2662 | D:4      | Reached skill level 5 in Axes
  2662 | D:4      | Reached skill level 5 in Fire Magic
  2662 | D:4      | Reached XP level 6. HP: 43/53 MP: 0/9
  2818 | D:3      | Reached skill level 3 in Armour
  3552 | D:4      | Found an ancient bone altar of Kikubaaqudgha.
  3555 | D:4      | Noticed a human
  3556 | D:4      | Killed a human
  3651 | D:4      | Reached XP level 7. HP: 60/60 MP: 1/11
  3956 | D:4      | Found Jaenenuv's Elemental Accessories.
  3965 | D:4      | Mangled by an ogre

Vanquished Creatures
  Sigmund (D:4)
  2 phantoms
  A scorpion (D:2)
  A howler monkey (D:4)
  An orc priest (D:3)
  3 adders
  3 dart slugs
  A ribbon worm (D:2)
  7 orcs
  4 ball pythons
  3 endoplasms (D:4)
  A giant cockroach (D:1)
  7 goblins
  8 hobgoblins
  4 jackals
  6 quokkas
  3 bats
  3 frilled lizards
  5 kobolds
  4 rats
68 creatures vanquished.

Vanquished Creatures (others)
  A human (D:4)
1 creature vanquished.

Grand Total: 69 creatures vanquished

Table legend: (Time is in decaauts)
 A = Elapsed time spent in this place.
 B = Non-inter-level travel time spent in this place.
 C = Inter-level travel time spent in this place.
 D = Time resting spent in this place.
 E = Time spent auto-exploring this place.
 F = Levels seen in this place.
 G = Mean time per level.
                   A        B        C        D        E       F      G
               +--------+--------+--------+--------+--------+-----+--------+
         Total |   3983 |   3887 |     96 |    409 |   2897 |   4 |  995.8 |
       Dungeon |   3983 |   3887 |     96 |    409 |   2897 |   4 |  995.8 |
               +--------+--------+--------+--------+--------+-----+--------+

Top non-repeatable levels by time:
     D:4: 1085 daAuts
     D:2: 1067 daAuts
     D:1: 1012 daAuts
     D:3: 818 daAuts

Table legend:
 A = Non-vault XP
 B = Vault XP
 C = Vault XP percentage of total XP
 D = Non-vault monster count
 E = Vault monster count
 F = Vault count percentage of total count
                 A         B        C        D         E       F
            +---------+---------+-------+---------+---------+-------
      Total |     541 |     236 |  30.4 |      64 |       4 |   5.9
            +---------+---------+-------+---------+---------+-------
        D:1 |      35 |       0 |   0.0 |      19 |       0 |   0.0
        D:2 |     120 |       0 |   0.0 |      15 |       0 |   0.0
        D:3 |     179 |       0 |   0.0 |      14 |       0 |   0.0
        D:4 |     207 |     236 |  53.3 |      16 |       4 |  20.0
            +---------+---------+-------+---------+---------+-------
